 Dungeon Crawl Stone Soup version bcrawl-1.36.4 (webtiles) character file.

Game seed: 17388447306229065167

291354 exe1 the Slasher (level 6, -2/50 HPs)
             Began as a Minotaur Archaeologist on Aug 10, 2022.
             Succumbed to an orc's poison
             ... on level 3 of the Dungeon.
             The game lasted 00:05:29 (1570 turns).

exe1 the Slasher (Minotaur Archaeologist)           Turns: 1570, Time: 00:05:30

Health: -2/50      AC: 11    Str: 17    XL:     6   Next: 33%
Magic:  5/5        EV:  8    Int: 11    God:
Gold:   136        SH:  0    Dex:  9    Spells: 5/5 levels left

rFire    . . .     SeeInvis .   h - +6 great mace (crush)
rCold    . . .     Gourm    .   (shield currently unavailable)
rNeg     . . .     Faith    .   k - +0 chain mail
rPois    .         Spirit   .   d - +1 hat
rElec    .         Reflect  .   (no cloak)
rCorr    .                      (no gloves)
MR       .....                  i - +1 pair of boots
Stlth    ..........             (no amulet)
HPRegen  0.16/turn              (no ring)
MPRegen  0.09/turn              (no ring)

@: lethally poisoned (-2 -> -26), starving
A: retaliatory headbutt, horns 2
a: no special abilities


You were on level 3 of the Dungeon.
You were starving.

You visited 1 branch of the dungeon, and saw 3 of its levels.

You collected 136 gold pieces.

Inventory:

Hand Weapons
 a - a +0 whip
 b - a +0 blowgun
 h - a +6 great mace of crushing (weapon)
 j - a +0 falchion
Missiles
 f - 6 curare-tipped needles
 q - 94 poisoned tomahawks (quivered)
Armour
 c - a +1 robe
 d - a +1 hat (worn)
 i - a +1 pair of boots (worn)
 k - a +0 chain mail (worn)
Jewellery
 l - a cursed ring of teleportation {unknown}
Scrolls
 e - 2 scrolls of teleportation {unknown}
 g - a scroll of magic mapping
 o - 3 scrolls of immolation {unknown}
 r - a scroll of remove curse {unknown}
Potions
 m - a potion of berserk rage {unknown}
 n - a potion of flight {unknown}
 p - 2 potions of agility {unknown}


   Skills:
 + Level 2.8 Fighting
 + Level 5.2 Long Blades
 + Level 1.8 Maces & Flails
 + Level 2.4 Armour
 + Level 3.9 Dodging
 + Level 3.4 Stealth


You had 5 spell levels left.
You didn't know any spells.
Your spell library was empty.

Dungeon Overview and Level Annotations

Branches:
Dungeon (3/12)

Altars:


Innate Abilities, Weirdness & Mutations

You reflexively headbutt those who attack you in melee.
You have a pair of horns on your head.


Message History

You're too hungry to rest.
* * * LOW HITPOINT WARNING * * *
You feel sick.
* * * LOW HITPOINT WARNING * * *
You feel sick.
An adder comes into view.
* * * LOW HITPOINT WARNING * * *
You feel sick.
The adder hisses angrily.
A hobgoblin comes into view.
* * * LOW HITPOINT WARNING * * *
You feel sick.
The hobgoblin shouts!
* * * LOW HITPOINT WARNING * * *
You feel sick.
The orc throws a poisoned tomahawk.
The poisoned tomahawk hits you but does no damage.
You are more poisoned.
You sock the hobgoblin!
You kill the hobgoblin!
You die...

#.# #.)# #....# #.##....#
#.# #..# ####.# #.##.##.#
#.###..######.###.!≈≈≈≈.#
##.....................≈.#
...###..###..#.#####≈≈≈≈##
##.# #..##.))#.# ##.###
..........≈.#.## #.#
#..####..≈....#.#####.#
#..# #.S≈...###@†....#
.... ..≈≈≈≈≈≈≈#..######
$... ...........o# #...
......./..!..
.....%....$.#
.##......#.#. ....#.# .
##.. # .


You could see an orc.

Vanquished Creatures
  Grinder (D:3)
  2 crimson imps
  2 oozes
  3 worms
  A dart slug (D:2)
  3 leopard geckos
  2 orcs (D:3)
  A ball python (D:1)
  3 giant cockroaches
  5 goblins
  7 hobgoblins
  3 jackals (D:3)
  5 bats
  4 frilled lizards
  8 kobolds
  2 rats
52 creatures vanquished.

Notes
Turn   | Place    | Note
-------+----------+-------------------------------------------
     0 | D:1      | exe1 the Minotaur Archaeologist began the quest for the
                  | Orb.
     0 | D:1      | Reached XP level 1. HP: 16/16 MP: 0/0
    97 | D:1      | Reached XP level 2. HP: 12/23 MP: 1/1
   426 | D:1      | Reached XP level 3. HP: 26/28 MP: 2/2
   935 | D:2      | Reached skill level 1 in Long Blades
  1101 | D:2      | Reached skill level 2 in Long Blades
  1101 | D:2      | Reached skill level 1 in Armour
  1101 | D:2      | Reached XP level 4. HP: 7/36 MP: 3/3
  1286 | D:3      | Noticed Grinder
  1302 | D:3      | Paralysed by Grinder for 2 turns
  1310 | D:3      | Paralysed by Grinder for 3 turns
  1317 | D:3      | Killed Grinder
  1318 | D:3      | Reached skill level 4 in Long Blades
  1318 | D:3      | Reached XP level 5. HP: 23/44 MP: 4/4
  1318 | D:3      | Reached XP level 6. HP: 27/50 MP: 5/5
  1318 | D:3      | Identified a scroll of acquirement
  1403 | D:3      | Reached skill level 5 in Long Blades
  1569 | D:3      | HP: 2/50 [poisoned by an orc]
  1570 | D:3      | Succumbed to an orc's poison

Skill      XL: |  1  2  3  4  5  6 |
---------------+-------------------+-----
Stealth        | 3 |  3.4
Long Blades    | 2 4 5 |  5.2
Fighting       | 2 |  2.8
Armour         | 1 2 |  2.4
Maces & Flails | |  1.8
Dodging        | |  3.9

Action                   |  1- 3 |  4- 6 || total
-------------------------+-------+-------++-------
Melee: Whip              |    28 |       ||    28
       Headbutt          |    13 |     3 ||    16
       Falchion          |   109 |    22 ||   131
       Great mace        |       |    19 ||    19
  Use: Scroll            |       |     1 ||     1
  Eat: Ration            |     1 |       ||     1
       Chunk             |       |     1 ||     1
Armor: Robe              |     9 |       ||     9
       Chain mail        |    98 |    29 ||   127
Dodge: Dodged            |    63 |    22 ||    85
